 Dungeon Crawl Stone Soup version 0.20-a0-261-gcb1eca7 (webtiles) character file.

96473 tsouns the Eclecticist (level 15, -3/90 HPs)
             Began as a Deep Elf Conjurer on Dec 2, 2016.
             Was a High Priest of Vehumet.
             Slain by an orc knight
             ... wielding a +1 war axe
              (8 damage)
             ... on level 15 of the Dungeon on Dec 3, 2016.
             The game lasted 02:03:39 (30726 turns).

tsouns the Eclecticist (Deep Elf Conjurer)         Turns: 30726, Time: 02:03:40

Health: -3/90      AC: 18    Str:  5    XL:     15   Next: 69%
Magic:  48/48      EV:  2    Int: 27    God:    Vehumet [*****.]
Gold:   99         SH:  0    Dex: 18    Spells: 1/50 levels left

rFire  . . .     SeeInvis +     E - +3 demon blade
rCold  . . .     Gourm    .     t - +2 robe {MR+}
rNeg   + + +     Faith    .     y - +0 buckler
rPois  ∞         Spirit   .     L - +1 helmet {SInv}
rElec  .         Reflect  .     O - +1 cloak
rCorr  .         Harm     .     M - +2 pair of gloves {Dex+3}
MR     ++...                    o - +1 pair of boots
Stlth  +++++.....               F - amulet of magic regeneration
                                q - +5 ring of protection
                                H - ring of magical power

@: petrified
A: talons 1
a: Renounce Religion


You were on level 15 of the Dungeon.
You worshipped Vehumet.
Vehumet was extremely pleased with you.
You were not hungry.

You visited 3 branches of the dungeon, and saw 23 of its levels.
You visited 1 bazaar.

You collected 2526 gold pieces.
You spent 2427 gold pieces at shops.

Inventory:

Hand Weapons
 w - a +1 dagger of venom
 D - a +1 trident of venom
 E - a +3 demon blade (weapon)
Missiles
 x - a throwing net (quivered)
 Y - 8 poisoned javelins
Armour
 o - a +1 pair of boots (worn)
 t - a +2 robe of magic resistance (worn)
 y - a +0 buckler (worn)
 K - +0 acid dragon scales
 L - a +1 helmet of see invisible (worn)
 M - a +2 pair of gloves of dexterity (worn)
 O - a +1 cloak (worn)
Magical Staves
 r - an uncursed staff of air
Jewellery
 e - an uncursed ring of poison resistance
 n - an uncursed ring of protection from fire
 q - a +5 ring of protection (right hand)
 F - an amulet of magic regeneration (around neck)
 H - a ring of magical power (left hand)
Wands
 g - a wand of heal wounds (3/9)
 i - a wand of lightning (1/15)
 p - a wand of iceblast (5/15)
 G - a wand of disintegration (8/24)
 P - a wand of confusion (24/48)
 T - a wand of iceblast (2/15)
Scrolls
 s - 4 scrolls of amnesia
 A - 3 scrolls of recharging
 B - 3 scrolls of blinking
 C - 3 scrolls of remove curse
 J - a scroll of holy word
 V - a scroll of fog
Potions
 a - 7 potions of heal wounds
 b - 3 potions of magic
 d - a potion of flight
 f - 7 potions of curing
 j - a potion of cancellation
 k - 5 potions of might
 l - 4 potions of invisibility
 m - 4 potions of haste
 v - 5 potions of brilliance
 Q - 3 potions of ambrosia
 U - 3 potions of agility
Miscellaneous
 z - a fan of gales
 X - a lamp of fire
 Z - a phial of floods
Comestibles
 c - 12 bread rations
 h - 14 fruits
 u - 11 meat rations
 N - a royal jelly


   Skills:
 + Level 9.3 Fighting
 * Level 3.7 Long Blades
 - Level 2.7 Armour
 - Level 7.2 Dodging
 - Level 11.8 Stealth
 - Level 4.0 Shields
 + Level 18.2 Spellcasting
 + Level 15.9 Conjurations
 - Level 2.0 Hexes
 - Level 2.0 Charms
 - Level 4.0 Summonings
 - Level 3.2 Fire Magic
 - Level 2.1 Ice Magic
 - Level 2.0 Air Magic
 - Level 8.8 Evocations


You had one spell level left.
You knew the following spells:

 Your Spells              Type           Power        Failure   Level  Hunger
a - Magic Dart            Conj           ####         0%          1    None
b - Searing Ray           Conj           ######       0%          2    None
c - Dazzling Spray        Conj/Hex       ######       1%          3    None
d - Iskenderun's Mystic   Conj           #######.     1%          4    None
e - Iskenderun's Battles  Conj/Chrm      ######..     1%          5    None
f - Tukima's Dance        Hex            #####...     2%          3    None
g - Conjure Flame         Conj/Fire      ######..     1%          3    None
h - Sticky Flame          Conj/Fire      ######..     1%          4    None
i - Freezing Cloud        Conj/Ice/Air   ######....   5%          6    ##.....
j - Fulminant Prism       Conj/Hex       ######....   1%          4    None
k - Spellforged Servitor  Conj/Summ      ######....   8%          7    #####..
l - Orb of Destruction    Conj           #######...   1%          7    #####..


Dungeon Overview and Level Annotations

Branches:
Dungeon (15/15)            Temple (0/1) D:4            Lair (6/6) D:10
  Swamp (0/4) Lair:2       Spider (0/4) Lair:3        Slime (0/5) Lair:5
    Orc (2/2) D:10            Elf (0/3) Orc:2        Vaults (0/5) D:14
 Depths: D:15

Altars:
Cheibriados
Ru
Uskayaw
Vehumet
Xom
Yredelemnul
The Shining One

Shops:
D:6 [   D:11 [   Orc:2 *![%*

Portals:
Trove: D:10 (give 13 potions of heal wounds)

Annotations:
D:4 KristoblXynda's ghost, novice DrVM
Abyss:1 Sonja


Innate Abilities, Weirdness & Mutations

You have sharp toenails.


Message History

The orc knight hits you with an enchanted war axe.
* * * LOW HITPOINT WARNING * * *
The tengu warrior hits you but does no damage.
The tengu warrior pecks you but does no damage.
The tengu warrior claws you but does no damage.
The orc warrior hits you with a mace!!
* * * LOW HITPOINT WARNING * * *
The vampire mosquito bites you.
* * * LOW HITPOINT WARNING * * *
The basilisk gazes at you. You resist with almost no effort.
The orc priest hits you with a hand axe!
* * * LOW HITPOINT WARNING * * *
The orc hits you but does no damage.
The vampire mosquito bites you but does no damage.
The vampire mosquito bites you but does no damage.
The basilisk gazes at you. You resist with almost no effort.
The orc knight hits you with an enchanted war axe!
You die...

.....##.......#
...............
!.............$
...............
...............
......Q...$....
......ooy.....#
......o@o....#
......Q.l.##.#
........#.#
#########...
... ..... ####


You could see an orc knight, a tengu warrior, a basilisk, a tengu conjurer, an
orc warrior, a vampire mosquito, an orc priest and an orc.

Vanquished Creatures
  Rupert (D:14)
  An acid blob (Lair:5)
  Agnes (D:14)
  Donald (Orc:2)
  Nessos (D:12)
  Snorg (Orc:1)
  7 hydras
  4 centaur warriors
  A merfolk avatar (Lair:6)
  Erica (D:13)
  4 ogre magi (Orc:2)
  A death yak (Lair:4)
  Urug (D:13)
  Nergalle (Lair:4)
  A deep elf knight (D:14)
  3 hell knights (D:13)
  A sea snake (Lair:6)
  3 hill giants
  A harpy (Lair:6)
  An orc knight (D:13)
  7 ugly things
  3 deep elf magi (D:14)
  An orc sorcerer (Orc:1)
  3 oklob plants
  6 elephants
  5 cyclopes
  2 manticores
  2 centaur zombies
  Psyche (D:10)
  An ice statue (Lair:3)
  Maurice (D:9)
  9 black mambas
  9 spiny frogs
  12 komodo dragons
  3 rime drakes
  2 kobold demonologists
  A freezing wraith (D:14)
  2 tengu conjurers (D:13)
  5 yaktaurs (D:14)
  An ice devil (Lair:3)
  2 trolls
  A queen bee (Lair:3)
  2 jumping spiders (Lair:3)
  A hornet (Lair:6)
  17 two-headed ogres
  5 dream sheep (Lair:6)
  8 polar bears
  6 slime creatures (D:14)
  32 blink frogs
  A wind drake (Lair:6)
  A meliai zombie (D:11)
  9 hippogriffs
  2 redbacks (Lair:3)
  A spriggan (shapeshifter) (D:14)
  A shadow (D:12)
  A wraith (D:8)
  39 yaks
  5 wyverns
  7 basilisks
  4 hungry ghosts
  3 wargs (D:10)
  An acid dragon (D:13)
  16 water moccasins
  2 porcupines
  24 orc warriors
  2 phantoms
  6 ice beasts
  2 sky beasts
  A black bear (D:12)
  5 necrophages
  26 centaurs
  30 ogres
  26 wolves
  14 crocodiles
  6 big kobolds
  21 bullfrogs
  2 wyvern zombies
  3 scorpions
  A wyvern skeleton (D:12)
  16 wights
  42 killer bees
  10 crimson imps
  2 bullfrog zombies
  4 quasits
  5 human zombies (D:8)
  20 orc priests
  7 jellies
  31 orc wizards
  4 bullfrog skeletons
  4 hounds
  2 gnoll shamans
  4 human skeletons (D:8)
  5 iguanas
  6 worker ants
  A killer bee zombie (D:9)
  An ogre zombie (D:8)
  A hound skeleton (D:5)
  3 worker ant zombies
  9 gnolls
  A howler monkey skeleton (D:9)
  13 adders
  A river rat (Lair:3)
  A shadow imp (D:13)
  2 white imps (Lair:3)
  3 oozes
  An adder skeleton (D:8)
  2 worms
  4 dart slugs
  7 leopard geckos
  98 orcs
  6 giant cockroaches
  5 goblins
  5 hobgoblins
  13 jackals
  9 quokkas
  3 ball pythons
  6 bats
  11 frilled lizards
  A jackal skeleton (D:4)
  36 kobolds
  A leopard gecko skeleton (D:5)
  2 quokka zombies
  8 rats
  A fungus (Lair:5)
  A plant (Lair:6)
866 creatures vanquished.

Vanquished Creatures (collateral kills)
  A crimson imp (D:14)
1 creature vanquished.

Vanquished Creatures (others)
  2 yaks (Lair:5)
  2 fulminant prisms (Lair:4)
  13 fungi
  19 plants
36 creatures vanquished.

Grand Total: 903 creatures vanquished

Notes
Turn   | Place    | Note
-------+----------+-------------------------------------------
     0 | D:1      | tsouns the Deep Elf Conjurer began the quest for the Orb.
     0 | D:1      | Reached XP level 1. HP: 10/10 MP: 6/6
   277 | D:1      | Reached XP level 2. HP: 15/15 MP: 6/8
   281 | D:1      | Learned a level 2 spell: Searing Ray
   757 | D:1      | Reached XP level 3. HP: 19/19 MP: 7/10
   901 | D:2      | Found a snail-covered altar of Cheibriados.
  1111 | D:2      | Reached skill level 4 in Spellcasting
  1395 | D:2      | Found a radiant altar of Vehumet.
  1403 | D:2      | Became a worshipper of Vehumet
  1836 | D:3      | Found a hide-covered altar of Uskayaw.
  1983 | D:3      | Learned a level 3 spell: Dazzling Spray
  2006 | D:3      | Reached XP level 4. HP: 24/24 MP: 4/12
  2009 | D:3      | Reached skill level 5 in Conjurations
  2445 | D:3      | Reached * piety under Vehumet
  2445 | D:3      | Offered knowledge of Flame Tongue by Vehumet.
  2534 | D:3      | Reached skill level 1 in Shields
  2534 | D:3      | Reached XP level 5. HP: 11/28 MP: 1/14
  2672 | D:3      | Found a glowing golden altar of the Shining One.
  2858 | D:4      | Noticed KristoblXynda's ghost (novice DrVM)
  2888 | D:3      | Reached skill level 5 in Spellcasting
  3291 | D:4      | Learned a level 4 spell: Iskenderun's Mystic Blast
  3388 | D:4      | Found a staircase to the Ecumenical Temple.
  3396 | D:5      | Entered Level 5 of the Dungeon
  3619 | D:5      | Noticed a necrophage
  3628 | D:5      | Killed a necrophage
  3628 | D:5      | Reached skill level 5 in Stealth
  3628 | D:5      | Reached XP level 6. HP: 20/32 MP: 6/16
  3695 | D:5      | Reached skill level 6 in Spellcasting
  4039 | D:5      | Gained mutation: You have sharp toenails. [potion of beneficial mutation]
  4279 | D:4      | Reached XP level 7. HP: 37/37 MP: 9/18
  4793 | D:5      | Reached skill level 1 in Fighting
  4995 | D:6      | Found Ruehiere's Armour Boutique.
  4999 | D:6      | Bought a +1 pair of boots for 172 gold pieces
  5354 | D:6      | Reached ** piety under Vehumet
  5354 | D:6      | Offered knowledge of Sting by Vehumet.
  5782 | D:6      | Reached skill level 7 in Spellcasting
  6044 | D:6      | Reached XP level 8. HP: 44/44 MP: 17/21
  6690 | D:7      | Reached skill level 8 in Spellcasting
  6819 | D:7      | Offered knowledge of Throw Frost by Vehumet.
  7224 | D:7      | Learned a level 5 spell: Iskenderun's Battlesphere
  7233 | D:7      | Reached skill level 1 in Hexes
  7233 | D:7      | Reached skill level 1 in Charms
  7356 | D:8      | Reached XP level 9. HP: 48/48 MP: 15/23
  7434 | D:8      | Reached *** piety under Vehumet
  7434 | D:8      | Reached skill level 9 in Spellcasting
  7547 | D:8      | Reached skill level 5 in Dodging
  7799 | D:7      | Learned a level 3 spell: Tukima's Dance
  8395 | D:8      | Offered knowledge of Conjure Flame by Vehumet.
  8423 | D:8      | Learned a level 3 spell: Conjure Flame
  8518 | D:8      | Found a sacrificial altar of Ru.
  8910 | D:8      | Reached **** piety under Vehumet
  8916 | D:8      | Offered knowledge of Stone Arrow by Vehumet.
  9025 | D:8      | Reached skill level 10 in Spellcasting
  9148 | D:8      | Reached XP level 10. HP: 42/56 MP: 13/26
  9447 | D:8      | Found a basalt altar of Yredelemnul.
  9573 | D:9      | Found a shimmering altar of Xom.
  9700 | D:9      | Noticed Maurice
  9730 | D:9      | Killed Maurice
 10468 | D:10     | Entered Level 10 of the Dungeon
 10473 | D:10     | Noticed a hill giant
 10479 | D:10     | Killed a hill giant
 10479 | D:10     | Reached skill level 10 in Conjurations
 10621 | D:10     | Reached ***** piety under Vehumet
 10715 | D:10     | Found a staircase to the Orcish Mines.
 10722 | D:10     | Offered knowledge of Conjure Ball Lightning by Vehumet.
 10903 | D:10     | Reached skill level 5 in Fighting
 10903 | D:10     | Reached skill level 11 in Spellcasting
 11090 | D:10     | Reached skill level 10 in Stealth
 11209 | D:10     | Noticed a hill giant
 11214 | D:10     | Killed a hill giant
 11445 | D:10     | Noticed Psyche
 11451 | D:10     | Killed Psyche
 11516 | D:10     | Reached XP level 11. HP: 64/64 MP: 6/28
 11540 | D:9      | Paralysed by a hornet for 1 turns
 11840 | D:10     | Found a staircase to the Lair.
 12396 | D:10     | Found a portal to a secret trove of treasure.
 12486 | Lair:1   | Entered Level 1 of the Lair of Beasts
 13180 | D:6      | Bought a +3 leather armour of poison resistance for 315 gold pieces
 13491 | Lair:1   | Reached skill level 12 in Spellcasting
 13634 | Lair:1   | Reached skill level 1 in Armour
 14833 | Lair:2   | Noticed a five-headed hydra
 14837 | Lair:2   | Killed a five-headed hydra
 14943 | Lair:2   | Found a staircase to the Swamp.
 14989 | Lair:2   | Noticed an eight-headed hydra
 14998 | Lair:2   | Killed an eight-headed hydra
 15294 | Lair:2   | Reached skill level 13 in Spellcasting
 15297 | Lair:2   | Reached XP level 12. HP: 69/69 MP: 5/31
 15867 | Lair:3   | Offered knowledge of Sticky Flame by Vehumet.
 16036 | Lair:2   | Learned a level 4 spell: Sticky Flame
 16603 | Lair:3   | Found a hole to the Spider Nest.
 16852 | Lair:3   | Reached skill level 14 in Spellcasting
 16870 | Lair:3   | HP: 3/72 [acid (17)]
 17224 | Lair:3   | Reached skill level 1 in Fire Magic
 17875 | Lair:3   | Offered knowledge of Freezing Cloud by Vehumet.
 17883 | Lair:3   | Learned a level 6 spell: Freezing Cloud
 18627 | Lair:3   | Reached XP level 13. HP: 71/78 MP: 11/33
 18742 | Lair:3   | Reached skill level 1 in Air Magic
 18742 | Lair:3   | Reached skill level 1 in Evocations
 18962 | Lair:3   | Reached skill level 1 in Ice Magic
 19669 | Lair:4   | Noticed Nergalle
 19675 | Lair:4   | Killed Nergalle
 20094 | Lair:4   | Reached skill level 15 in Spellcasting
 20181 | Lair:4   | Learned a level 4 spell: Fulminant Prism
 20624 | Lair:5   | Offered knowledge of Lee's Rapid Deconstruction by Vehumet.
 20772 | Lair:5   | Found a staircase to the Slime Pits.
 21345 | Lair:6   | Entered Level 6 of the Lair of Beasts
 21374 | Lair:6   | Reached skill level 5 in Evocations
 21483 | Lair:5   | Noticed an acid blob
 21489 | Lair:5   | Killed an acid blob
 22073 | Lair:6   | Reached skill level 16 in Spellcasting
 22095 | Lair:5   | Offered knowledge of Ozocubu's Refrigeration by Vehumet.
 22095 | Lair:5   | Reached XP level 14. HP: 68/84 MP: 16/36
 22582 | Lair:6   | Reached ****** piety under Vehumet
 23782 | Lair:6   | Got a warped arbalest
 23783 | Lair:6   | Identified the +4 arbalest "Killer Bee's Curse" {penet, Int+2 Dex+2} (You found it on level 6 of the Lair of Beasts)
 24022 | Orc:1    | Entered Level 1 of the Orcish Mines
 24560 | Orc:1    | Noticed Snorg
 24580 | Orc:1    | Offered knowledge of Spellforged Servitor by Vehumet.
 24599 | Orc:1    | Killed Snorg
 25244 | Orc:2    | Entered Level 2 of the Orcish Mines
 25249 | Orc:2    | Reached skill level 15 in Conjurations
 25297 | Orc:2    | Noticed Donald
 25315 | Orc:2    | Killed Donald
 25315 | Orc:2    | Reached skill level 17 in Spellcasting
 25324 | Orc:2    | Found Moomn's Merry Market.
 25333 | Orc:2    | Bought a potion of magic for 96 gold pieces
 25333 | Orc:2    | Bought an uncursed amulet of magic regeneration for 360 gold pieces
 25333 | Orc:2    | Bought an uncursed ring of magical power for 240 gold pieces
 25369 | Orc:1    | Learned a level 7 spell: Spellforged Servitor
 25955 | Orc:2    | Reached skill level 1 in Summonings
 26487 | Orc:2    | Found Zantitij's Distillery.
 26487 | Orc:2    | Found Siarihoj's Food Shoppe.
 26488 | Orc:2    | Found Raugynk's Armour Shoppe.
 26488 | Orc:2    | Found Detub's Assorted Antiques.
 26495 | Orc:2    | Bought a potion of curing for 45 gold pieces
 26495 | Orc:2    | Bought a potion of curing for 45 gold pieces
 26495 | Orc:2    | Bought a potion of magic for 120 gold pieces
 26495 | Orc:2    | Bought a potion of magic for 120 gold pieces
 26495 | Orc:2    | Bought a potion of curing for 45 gold pieces
 26497 | Orc:2    | Bought 2 scrolls of blinking for 420 gold pieces
 26514 | Orc:2    | Found a staircase to the Elven Halls.
 26969 | D:11     | Found a basalt altar of Yredelemnul.
 27170 | D:11     | Offered knowledge of Orb of Destruction by Vehumet.
 27271 | D:11     | Noticed Sonja
 27274 | D:11     | Banished Sonja
 27292 | D:11     | Found Ynaija Xefi's Armour Shoppe.
 27897 | D:12     | Noticed Nessos
 27899 | D:12     | Reached XP level 15. HP: 74/88 MP: 13/38
 27902 | D:12     | Killed Nessos
 28876 | D:12     | Learned a level 7 spell: Orb of Destruction
 29099 | D:13     | Noticed Erica
 29103 | D:13     | Killed Erica
 29336 | D:13     | Noticed Urug
 29339 | D:13     | Killed Urug
 29704 | D:14     | Reached skill level 1 in Long Blades
 29835 | D:14     | Found a gate to the Vaults.
 29849 | D:14     | Noticed Rupert
 29853 | D:14     | Killed Rupert
 29857 | D:14     | Reached skill level 18 in Spellcasting
 29955 | D:14     | Upgraded the game from 0.20-a0-259-gc929cd2 to 0.20-a0-261-gcb1eca7
 30231 | D:14     | Noticed Agnes
 30235 | D:14     | Killed Agnes
 30397 | D:14     | Found a flickering gateway to a bazaar.
 30412 | Bazaar   | Entered a bazaar
 30426 | Bazaar   | Found Duxteapp's Distillery.
 30454 | Bazaar   | Found Ugolouxo's Book Emporium.
 30469 | Bazaar   | Found Docion's General Store.
 30469 | Bazaar   | Found Ireur's Distillery.
 30550 | Bazaar   | Bought a potion of heal wounds for 40 gold pieces
 30550 | Bazaar   | Bought a potion of heal wounds for 40 gold pieces
 30550 | Bazaar   | Bought a potion of invisibility for 64 gold pieces
 30550 | Bazaar   | Bought a potion of agility for 32 gold pieces
 30550 | Bazaar   | Bought a potion of curing for 24 gold pieces
 30550 | Bazaar   | Bought a potion of curing for 24 gold pieces
 30588 | Bazaar   | Bought a potion of heal wounds for 75 gold pieces
 30588 | Bazaar   | Bought a potion of haste for 150 gold pieces
 30652 | D:15     | Entered Level 15 of the Dungeon
 30726 | D:15     | Slain by an orc knight

Vault maps used:
D:1:      shiori_arrival_maze
D:2:      cheibriados_altar_1, lemuel_coloured_pillars_altar, first_bread
D:3:      lemuel_crystal_altar, nicolae_tso_swordbearing_angel
D:4:      uniq_eustachio
D:6:      serial_shops, shop
D:7:      grunt_ogre_cave
D:8:      lemuel_mausoleum_altar_yredelemnul, lemuel_crystal_altar
D:9:      grunt_decor_cap, kennysheep_small_circle, uniq_maurice
D:10:     erik_lair_orcish_takeover, orc_david_3, enter_trove_6, uniq_psyche
D:11:     serial_undead, serial_undead_b, serial_undead_f, serial_undead_d,
          serial_undead_c, serial_shops, shop_statue, basic_altar, uniq_sonja
D:12:     uniq_nessos
D:13:     sword_in_stone
D:14:     hangedman_vaults_entry_quadrant_bands, serial_shops, bzr_entry_safe,
          uniq_rupert, uniq_agnes
D:15:     grunt_enter_depths_giant_problem, serial_shops, shop
Lair:2:   minmay_swamp_entry_worms, grunt_megastairs_1
Lair:3:   regret_index_harrowing_hell_hive, spider_nest_entry_a, ice2_lemuel
Lair:4:   beast_lair_carwin_6, uniq_nergalle
Lair:5:   nicolae_slime_entry_slimehenge
Lair:6:   gammafunk_lair_ancient_temple, lab_entry_generic, st_stairs_12
Orc:1:    uniq_snorg
Orc:2:    st_orc_ogre_mass, nicolae_alphabet_shops, uniq_donald
Bazaar:   bazaar_long_row

Skill      XL: |  1  2  3  4  5  6  7  8  9 10 11 12 13 14 15 |
---------------+----------------------------------------------+-----
Stealth        | 3 4 5 7 8 10 11 | 11.8
Spellcasting   | 4 5 6 7 8 10 11 13 14 16 17 18 | 18.2
Conjurations   | 5 6 7 8 9 10 12 13 14 15 | 15.9
Shields        | 1 3 4 |  4.0
Dodging        | 3 4 6 7 |  7.2
Fighting       | 2 3 5 8 9 |  9.3
Hexes          | 1 2 |  2.0
Charms         | 1 2 |  2.0
Armour         | 2 |  2.7
Fire Magic     | 3 |  3.2
Air Magic      | 2 |  2.0
Evocations     | 6 8 |  8.8
Ice Magic      | 2 |  2.1
Summonings     | 4 |  4.0
Long Blades    | 3 |  3.7

Action                   |  1- 3 |  4- 6 |  7- 9 | 10-12 | 13-15 || total
-------------------------+-------+-------+-------+-------+-------++-------
Melee: Unarmed           |     1 |       |       |       |       ||     1
       Staff             |     1 |     1 |       |       |       ||     2
       Short sword       |       |     6 |    24 |       |       ||    30
       Trident           |       |       |    66 |   109 |    76 ||   251
       Dagger            |       |       |       |       |     9 ||     9
       Demon blade       |       |       |       |       |     8 ||     8
Throw: Throwing net      |       |       |     1 |       |       ||     1
 Cast: Magic Dart        |    98 |   106 |   106 |   128 |    76 ||   514
       Searing Ray       |       |     9 |     6 |     3 |       ||    18
       Iskenderun's Myst |       |     4 |   115 |   304 |   585 ||  1008
       Dazzling Spray    |       |     1 |     3 |       |     2 ||     6
       Conjure Flame     |       |       |     2 |    22 |     3 ||    27
       Iskenderun's Batt |       |       |       |     6 |    15 ||    21
       Sticky Flame      |       |       |       |    40 |    62 ||   102
       Freezing Cloud    |       |       |       |       |    33 ||    33
       Fulminant Prism   |       |       |       |       |     2 ||     2
       Tukima's Dance    |       |       |       |       |     1 ||     1
       Orb of Destructio |       |       |       |       |     3 ||     3
       Spellforged Servi |       |       |       |       |     2 ||     2
Evoke: Wand              |       |       |       |     7 |     9 ||    16
       Lamp of fire      |       |       |       |       |     1 ||     1
  Use: Scroll            |    10 |     8 |     5 |    17 |    11 ||    51
       Potion            |       |     1 |     1 |     5 |     3 ||    10
 Stab: Sleeping          |     1 |       |     3 |     1 |     2 ||     7
       Invisible         |       |     1 |       |       |     1 ||     2
       Distracted        |       |       |     1 |       |     1 ||     2
  Eat: Chunk             |     2 |     2 |    13 |    19 |    10 ||    46
       Beef jerky        |     1 |     1 |     2 |     4 |     2 ||    10
       Bread ration      |       |     1 |       |     1 |     2 ||     4
       Fruit             |       |       |     1 |       |       ||     1
       Pizza             |       |       |       |     2 |     3 ||     5
       Royal jelly       |       |       |       |       |     6 ||     6
Armor: Robe              |     4 |    12 |    44 |    42 |    56 ||   158
       Leather armour    |       |       |       |    86 |    90 ||   176
       Acid dragon scale |       |       |       |       |     1 ||     1
Dodge: Dodged            |    12 |    30 |   108 |   218 |   225 ||   593
Block: Buckler           |     1 |     6 |    32 |    62 |    88 ||   189
       Rpst.: Demon blade |       |       |       |       |     5 ||     5
